Map: Ever Dream LE

Players

INnoVation - Winner!

  • Race: Terran Terran
  • League: Master
  • Spawn Location: 1:00

Zest

  • Race: Protoss Protoss
  • League: Master
  • Spawn Location: 7:00

Event: Shopify TSL 5

VOD

Have the link to the VOD?

Description

Time

  • Played on: June 6, 2020, 11:23 a.m.
  • Length: 8:31

All games in this series

Show
View Real Time Build Order
Export as new Build Order

INnoVation Terran - Winner!

Build Orders:  

Get SALT Encoding   

  12  0:00  SCV  
  13  0:12  SCV  
  14  0:17  Supply Depot  
  14  0:24  SCV  
  15  0:38  SCV  
  15  0:40  Barracks  
  16  0:43  Refinery  
  16  0:50  SCV  
  17  1:02  SCV  
  18  1:14  SCV  
  19  1:26  Marine  
  19  1:27  Orbital Command  
  20  1:40  Command Center  
  20  1:45  Barracks Reactor  
  20  1:53  SCV  
  21  1:56  Supply Depot  
  21  2:05  SCV  
  22  2:09  Factory  
  22  2:14  Refinery  
  22  2:17  SCV  
  22  2:21  Marine  
  22  2:22  Marine  
  26  2:30  SCV  
  26  2:38  Marine  
  26  2:39  Marine  
  26  2:42  SCV  
  29  2:53  Orbital Command  
  29  2:54  SCV, Starport  
  29  2:58  Widow Mine  
  32  3:03  Marine  
  32  3:04  Marine  
  34  3:07  SCV  
  35  3:19  Widow Mine  
  37  3:20  SCV x2  
  37  3:25  Marine x2, Supply Depot  
  41  3:32  Medivac  
  43  3:34  SCV  
  43  3:35  SCV  
  45  3:41  Factory Tech Lab  
  45  3:42  Supply Depot  
  45  3:45  Marine  
  45  3:47  Marine  
  47  3:48  SCV  
  47  3:49  SCV  
  47  3:54  Supply Depot  
  49  3:59  Siege Tank  
  49  4:02  Starport Tech Lab  
  52  4:04  SCV x2, Marine  
  52  4:06  Marine  
  55  4:16  Supply Depot  
  55  4:20  Banshee  
  55  4:22  SCV x2, Marine  
  55  4:23  Marine  
  62  4:30  Supply Depot  
  62  4:31  Siege Tank  
  65  4:41  Marine x2  
  65  4:43  SCV x2  
  67  4:55  Command Center  
  67  4:59  SCV x2, Marine  
  69  5:00  Marine  
  69  5:04  Siege Tank, Banshee  
  77  5:11  Supply Depot  
  77  5:13  SCV x2  
  79  5:15  Barracks  
  79  5:17  Marine x2  
  81  5:26  Barracks, SCV x2  
  83  5:31  Supply Depot  
  83  5:36  Siege Tank  
  83  5:37  Marine  
  83  5:38  Marine  
  83  5:40  SCV  
  83  5:41  SCV  
  90  5:48  Banshee  
  93  5:57  Marine x2  
  93  6:08  Siege Tank, Marine  
  93  6:09  Orbital Command  
  94  6:14  Marine  
  94  6:15  Marine  
  94  6:16  Marine  
  96  6:26  Marine  
  96  6:32  Marine x2  
  92  6:34  Marine  
  83  6:40  Siege Tank  
  83  6:44  Marine  
  77  6:50  Marine x2  
  77  6:52  Marine  
  79  7:02  Marine  
  79  7:08  Marine x2  
  80  7:10  Marine  
  81  7:19  Siege Tank  
  81  7:20  Marine  
  77  7:26  Marine x2  
  74  7:30  Marine  
  72  7:37  Marine  
  50  7:51  Marine x2  
  49  8:09  Marine x3  
Show
View Real Time Build Order
Export as new Build Order

Zest Protoss 

Build Orders: 1 Gate Expand, Blink Stalkers 

Get SALT Encoding   

  12  0:00  Probe  
  13  0:12  Probe  
  14  0:17  Pylon  
  14  0:24  Probe (Chrono Boost)  
  15  0:36  Probe (Chrono Boost)  
  15  0:37  Gateway  
  16  0:45  Probe (Chrono Boost)  
  16  0:46  Assimilator  
  17  0:51  Probe  
  18  1:03  Probe  
  19  1:15  Probe  
  20  1:23  Cybernetics Core  
  20  1:31  Nexus  
  20  1:35  Probe  
  21  1:41  Pylon  
  21  1:47  Probe  
  21  1:49  Assimilator  
  22  1:57  Adept (Chrono Boost)  
  22  1:59  Probe (Chrono Boost)  
  25  2:02  Warp Gate  
  25  2:11  Probe (Chrono Boost)  
  26  2:18  Probe (Chrono Boost)  
  26  2:19  Twilight Council  
  27  2:25  Probe  
  27  2:29  Stalker  
  30  2:38  Probe  
  30  2:44  Probe  
  32  2:49  Blink (Chrono Boost)  
  33  2:51  Probe, Gateway  
  33  2:56  Probe  
  34  3:03  Probe  
  35  3:07  Stalker  
  35  3:08  Probe  
  38  3:15  Probe  
  39  3:20  Probe, Pylon  
  39  3:24  Robotics Facility  
  40  3:27  Probe  
  40  3:33  Probe  
  42  3:39  Probe  
  43  3:45  Probe  
  44  3:50  Sentry  
  44  3:51  Stalker  
  44  3:54  Nexus  
  48  3:56  Probe  
  48  4:00  Probe  
  48  4:01  Pylon  
  50  4:05  Phoenix, Assimilator  
  50  4:10  Probe  
  50  4:11  Observer  
  50  4:14  Stalker  
  54  4:18  Pylon  
  54  4:19  Probe  
  54  4:22  Probe  
  56  4:25  Stalker  
  58  4:31  Gateway  
  58  4:32  Gateway  
  58  4:33  Probe  
  58  4:35  Probe  
  58  4:37  Pylon  
  60  4:45  Probe  
  60  4:47  Probe  
  62  4:55  Gateway  
  62  4:56  Gateway  
  62  4:57  Probe, Stalker  
  62  4:59  Charge (Chrono Boost)  
  65  5:04  Immortal (Chrono Boost)  
  65  5:07  Observer  
  70  5:14  Probe x3  
  70  5:19  Pylon  
  70  5:21  Gateway  
  72  5:26  Immortal  
  72  5:32  Probe x3  
  79  5:43  Pylon  
  79  5:44  Probe x3  
  79  5:47  Forge  
  82  6:06  Stalker  
  82  6:07  Zealot x5  
  94  6:18  Pylon  
  94  6:20  Pylon  
  94  6:23  Stalker  
  94  6:27  Zealot x5  
  94  6:28  Immortal (Chrono Boost)  
  98  6:43  Observer  
  98  6:46  Stalker  
  80  6:48  Stalker x6  
  92  6:55  Observer  
  92  6:58  Probe x3  
  95  7:11  Gateway  
  95  7:12  Zealot x6  
  95  7:14  Gateway  
  95  7:32  Stalker  
  95  7:33  Zealot, Stalker x5  
  105  7:40  Cybernetics Core  
  69  7:56  Zealot x6  
  79  8:07  Zealot  
  79  8:11  Zealot x2  
  79  8:12  Zealot x2  
  79  8:17  Zealot  
Tags
 
Add a new tag
Caveats
  • Supply blocks, unpowered buildings, or Contaminate may cause inaccurate times.
  • Supply counts are checked every 10 seconds.